 Dungeon Crawl Stone Soup version 0.29.0-4-gdea44cf6ec (webtiles) character file.

Game seed: 13122167850473913878

11 qw the Ruffian (level 2, -11/29 HPs)
             Began as a Troll Cinder Acolyte on Aug 31, 2022.
             Was a High Priest of Ignis.
             Engulfed by a cloud of flame (13 damage)
             ... on level 1 of the Dungeon.
             The game lasted 00:00:21 (817 turns).

qw the Ruffian (Troll Cinder Acolyte)                Turns: 817, Time: 00:00:22

Health: -11/29     AC:  4    Str: 21    XL:     2   Next: 17%
Magic:  2/2        EV:  9    Int: 10    God:    Ignis [*****.]
Gold:   69         SH:  0    Dex:  5    Spells: 3/3 levels left

rFire   + . .      SeeInvis .     - Unarmed
rCold   . . .      Faith    .   (no shield)
rNeg    . . .      Spirit   .   a - +0 robe
rPois   .          Reflect  .   (helmet restricted)
rElec   .          Harm     .   (no cloak)
rCorr   .          Rampage  .   (gloves unavailable)
Will    .....                   (boots unavailable)
Stlth   +.........              (no amulet)
HPRegen 0.89/turn               (no ring)
MPRegen 0.08/turn               (no ring)

@: lethally poisoned (-11 -> -16)
A: large, unfitting armour, claws 3, regeneration 1, shaggy fur 1, tough skin 1,
horns 1, screaming 1
a: Renounce Religion, Fiery Armour, Foxfire Swarm, Rising Flame


You were on level 1 of the Dungeon.
You worshipped Ignis.
Ignis was extremely pleased with you.
You visited 1 branch of the dungeon, and saw 1 of its levels.

You collected 69 gold pieces.


Innate Abilities, Weirdness & Mutations

You are too large for most types of armour.
You have claws for hands.
Your natural rate of healing is unusually fast.
You are covered in fur. (AC +1)
You have tough skin. (AC +1)
You have a pair of small horns on your head.
You occasionally shout uncontrollably at your foes.


   Skills:
 - Level 2.4 Fighting
 + Level 3.7 Unarmed Combat
 - Level 1.0 Spellcasting
 - Level 2.1 Fire Magic


You had 3 spell levels left.
You didn't know any spells.
Your spell library contained the following spells:

 Spells                   Type           Power      Damage    Failure   Level
 Scorch                   Fire           8%         2d5       22%         2

Inventory:

Armour
 a - a +0 robe (worn)
Potions
 b - a potion of mutation
 e - a potion of heal wounds {unknown}
 f - a potion of curing {unknown}
 h - a potion of haste {unknown}

Dungeon Overview and Level Annotations

Branches:
Dungeon (1/15)

Altars:


Message History

812 ||| READING scroll labelled JEIPU HAMMUMA.
The air fills with toxic fumes!
As you read the scroll labelled JEIPU HAMMUMA, it crumbles to dust.
It was a scroll of poison.
Done exploring.
813 ||| DRINKING 2 sedimented emerald potions.
It was a potion of mutation.
You feel extremely strange.
You feel the urge to shout. A pair of horns grows on your head!
Done exploring.
(D) Dungeon
Where to? (* - list waypoints, ? - help)
What level of the Dungeon? (default 1, ? - help) Sorry, I don't know how to get there.
Done exploring.
814 ||| Stepping randomly (stuck).
You swap places.
Done exploring.
(D) Dungeon
Where to? (* - list waypoints, Enter - D:2, ? - help)
What level of the Dungeon? (default 1, ? - help) Sorry, I don't know how to get there.
Done exploring.
815 ||| Stepping randomly (stuck).
Really walk into that cloud of poison gas?
You are engulfed in poison gas.
You are poisoned.
You feel very sick.
816 ||| Stepping ~*~*~tactically~*~*~ (cloud).
You swap places.
You feel very sick.
Your kobold is engulfed in poison gas.
Your kobold is poisoned.
Your kobold's corpse dissolves into shadows!
Your kobold explodes!
The fiery explosion engulfs your frilled lizard!!
Your frilled lizard's corpse dissolves into shadows!
The fiery explosion engulfs you! You resist.
Your frilled lizard explodes!
The fiery explosion engulfs you! You resist.
You're standing in a cloud of flame!
You are engulfed in blazing flames.
You resist.
You die...

###### #....# ########
#....# #..¤¤¤¤###....###
#.¤¤¤¤¤.##.......
#########¤¤¤¤¤¤.##....###
#.¤¤¤¤¤¤@¤¤¤¤¤¤.......###
########¤¤¤¤0¤¤#########.
#¤¤¤¤0¤¤# #.
###########¤### #.
#.............# ##
#.............# ######
#.............# #.....
#....##.####### #.....
###....##.## #.....


There were no monsters in sight!

Vanquished Creatures
  A ball python (D:1)
  2 endoplasms (D:1)
  2 hobgoblins (D:1)
  3 bats (D:1)
  2 kobolds (D:1)
  2 rats (D:1)
12 creatures vanquished.

Notes
Turn   | Place    | Note
-------+----------+-------------------------------------------
     0 | D:1      | qw the Troll Cinder Acolyte began the quest for the Orb.
     0 | D:1      | Reached XP level 1. HP: 22/22 MP: 1/1
     0 | D:1      | 0 ||| qw: Version: 0.1-a-97-g2dd2ca4
     0 | D:1      | 0 ||| qw: Game counter: 4560
     0 | D:1      | 0 ||| qw: Always use a shield: true
     0 | D:1      | 0 ||| qw: God list: Okawaru
     0 | D:1      | 0 ||| qw: Allow faded altars: false
     0 | D:1      | 0 ||| qw: Do Orc after D:15 true
     0 | D:1      | 0 ||| qw: Do second Lair branch before Depths: true
     0 | D:1      | 0 ||| qw: Lair rune preference: random
     0 | D:1      | 0 ||| qw: Plans: Normal
     0 | D:1      | 0 ||| PLANNING D:1-11
    73 | D:1      | 73 ||| Stepping ~*~*~tactically~*~*~ (stealth).
    75 | D:1      | 75 ||| Stepping ~*~*~tactically~*~*~ (stealth).
   111 | D:1      | 111 ||| Stepping ~*~*~tactically~*~*~ (stealth).
   321 | D:1      | Reached XP level 2. HP: 29/29 MP: 2/2
   570 | D:1      | Found a faded altar of an unknown god.
   808 | D:1      | 808 ||| READING scroll labelled RENNUO YCZU.
   809 | D:1      | 809 ||| READING scroll labelled UZXUONW XIVUAC.
   810 | D:1      | 810 ||| READING scroll labelled YSKEMI DAORIU.
   811 | D:1      | 811 ||| READING scroll labelled SOHUOG KAYNN.
   812 | D:1      | 812 ||| READING scroll labelled JEIPU HAMMUMA.
   813 | D:1      | 813 ||| DRINKING 2 sedimented emerald potions.
   813 | D:1      | Gained mutation: You occasionally shout uncontrollably at
                  | your foes. [potion of mutation]
   813 | D:1      | Gained mutation: You have a pair of small horns on your
                  | head. [potion of mutation]
   814 | D:1      | 814 ||| Stepping randomly (stuck).
   815 | D:1      | 815 ||| Stepping randomly (stuck).
   816 | D:1      | 816 ||| Stepping ~*~*~tactically~*~*~ (cloud).
   816 | D:1      | HP: 2/29 [spore (7)]
   817 | D:1      | Engulfed by a cloud of flame

Levels and vault maps discovered:
D:1:      lemuel_arrival_lava_pool, layout_basic, ebering_ecumenical_altar_mist

Action                   || total
-------------------------++-------
Melee: Unarmed           ||    37
  Use: Scroll            ||     5
       Potion            ||     1
Armor: Robe              ||    17
Dodge: Dodged            ||     8

Table legend:
 A = Non-vault XP
 B = Vault XP
 C = Vault XP percentage of total XP
 D = Non-vault monster count
 E = Vault monster count
 F = Vault count percentage of total count
                 A         B        C        D         E       F
            +---------+---------+-------+---------+---------+-------
      Total |      17 |       0 |   0.0 |      12 |       0 |   0.0
            +---------+---------+-------+---------+---------+-------
        D:1 |      17 |       0 |   0.0 |      12 |       0 |   0.0
            +---------+---------+-------+---------+---------+-------
